 Dungeon Crawl Stone Soup version 0.28-a0-1117-g0bdd5ba030 (webtiles) character file.

Game seed: 5298507357425563059

5 yoda5477 the Insei (level 1, 0/15 HPs)
             Began as a Demonspawn Transmuter on Dec 11, 2021.
             Slain by a kobold (1 damage)
             ... on level 1 of the Dungeon.
             The game lasted 00:01:23 (192 turns).

yoda5477 the Insei (Demonspawn Transmuter)           Turns: 192, Time: 00:01:24

Health: 0/15       AC:  2    Str: 10    XL:     1   Next: 66%
Magic:  2/3        EV: 12    Int: 14    God:
Gold:   0          SH:  0    Dex: 13    Spells: 3/4 levels left

rFire   . . .      SeeInvis .     - Unarmed
rCold   . . .      Faith    .   (no shield)
rNeg    . . .      Spirit   .   a - +0 robe
rPois   .          Reflect  .   (helmet currently unavailable)
rElec   .          Harm     .   (no cloak)
rCorr   .          Rampage  .   (no gloves)
Will    .....                   (boots currently unavailable)
Stlth   +.........              (no amulet)
HPRegen 0.05/turn               (no ring)
MPRegen 0.08/turn               (no ring)

@: appendages (expiring)
A: horns 2, talons 2
a: End Transformation


You were on level 1 of the Dungeon.
You had temporarily grown beastly horns and talons.
You visited 1 branch of the dungeon, and saw 1 of its levels.

Inventory:

Armour
 a - a +0 robe (worn)
Scrolls
 b - a scroll of teleportation {unknown}
 d - a scroll of holy word {unknown}
Potions
 c - a potion of heal wounds {unknown}


   Skills:
 * Level 1.2 Fighting
 + Level 1.8 Dodging
 * Level 0.4 Stealth
 - Level 2.6 Unarmed Combat
 - Level 2.0 Spellcasting
 + Level 1.9 Transmutations


You had 3 spell levels left.
You knew the following spells:

 Your Spells              Type           Power      Damage    Failure   Level
a - Beastly Appendage     Tmut           12%        N/A       11%         1

Your spell library contained the following spells:

 Spells                   Type           Power      Damage    Failure   Level
 Wereblood                Tmut           6%         N/A       17%         2
 Spider Form              Tmut/Pois      4%         N/A       43%         3
 Ice Form                 Ice/Tmut       4%         N/A       85%         4


Dungeon Overview and Level Annotations

Branches:
Dungeon (1/15)

Altars:


Innate Abilities, Weirdness & Mutations

You have temporarily grown beastly horns and talons.


Message History

Your transformation is almost over.
The hobgoblin closely misses you.
You closely miss the hobgoblin. You claw the hobgoblin.
Your headbutt misses the hobgoblin.
The hobgoblin is moderately wounded.
The hobgoblin barely misses you.
A kobold comes into view. It is wielding a +0 short sword.
The kobold shouts!
You hit the hobgoblin but do no damage.
The hobgoblin is moderately wounded.
The hobgoblin barely misses you.
You barely miss the hobgoblin. You claw the hobgoblin.
You kill the hobgoblin!
The kobold barely misses you.
You closely miss the kobold.
Your horns disappear.
Your talons disappear.
The kobold closely misses you.
Casting: Beastly Appendage (safe; 11% risk of failure)
Confirm with . or Enter, or press ? or * to list all spells.
You grow a pair of large bovine horns.
Your feet morph into talons.
Your transformation is almost over.
The kobold hits you with a +0 short sword.
You hit the kobold but do no damage. The kobold barely misses you.
You closely miss the kobold.
The kobold hits you with a +0 short sword.
You closely miss the kobold. Your kick misses the kobold.
The kobold hits you with a +0 short sword.
* * * LOW HITPOINT WARNING * * *
You hit the kobold. Your kick misses the kobold.
Your headbutt misses the kobold.
The kobold is moderately wounded.
The kobold hits you with a +0 short sword.
* * * LOW HITPOINT WARNING * * *
You barely miss the kobold. Your kick misses the kobold. You punch the kobold.
The kobold is severely wounded.
The kobold hits you but does no damage.
You barely miss the kobold.
The kobold is severely wounded.
The kobold hits you with a +0 short sword.
You die...

#.........#
####....#....#
............###
......... ...........
.>.... ............#
#?...##.............
###.##.#..............
#...K@..#....#..##....
#............#..#.....
#...........##........
#.....................
##.....................
#......................
#.......#............#.
#.....#.#....##......#.
#.....#.####.##........


You could see a kobold.

Vanquished Creatures
  3 endoplasms (D:1)
  A hobgoblin (D:1)
4 creatures vanquished.

Notes
Turn   | Place    | Note
-------+----------+-------------------------------------------
     0 | D:1      | yoda5477 the Demonspawn Transmuter began the quest for the
                  | Orb.
     0 | D:1      | Reached XP level 1. HP: 15/15 MP: 3/3
   192 | D:1      | Slain by a kobold

Illustrated notes

Levels and vault maps discovered:
D:1:      minmay_arrival_loop, layout_basic

Action                   || total
-------------------------++-------
Melee: Unarmed           ||    16
       Kick              ||     2
       Headbutt          ||     1
       Punch             ||     1
 Cast: Beastly Appendage ||     5
 Stab: Sleeping          ||     1
Armor: Robe              ||     1
Dodge: Dodged            ||    10

Table legend: (Time is in decaauts)
 A = Elapsed time spent in this place.
 B = Non-inter-level travel time spent in this place.
 C = Inter-level travel time spent in this place.
 D = Time resting spent in this place.
 E = Time spent auto-exploring this place.
 F = Levels seen in this place.
 G = Mean time per level.
                   A        B        C        D        E       F      G
               +--------+--------+--------+--------+--------+-----+--------+
         Total |    191 |    191 |      0 |     90 |     49 |   1 |  191.0 |
       Dungeon |    191 |    191 |      0 |     90 |     49 |   1 |  191.0 |
               +--------+--------+--------+--------+--------+-----+--------+

Top non-repeatable levels by time:
     D:1: 191 daAuts
